 Seeded DCSS version 0.29.1-2-gbd0b4ee654 (webtiles) character file.

Game seed: 20221031 (custom seed)

129 Nerdsrcool the Poker (level 5, 0/42 HPs)
             Began as a Merfolk Chaos Knight on Oct 31, 2022.
             Was a Plaything of Xom.
             Slain by a bullfrog (5 damage)
             ... on level 3 of the Dungeon.
             The game lasted 00:11:00 (2968 turns).

Nerdsrcool the Poker (Merfolk Chaos Knight)         Turns: 2968, Time: 00:11:00

Health: 0/42       AC:  6    Str: 14    XL:     5   Next: 12%
Magic:  5/5        EV: 13    Int: 12    God:    Xom [..*...]
Gold:   96         SH:  0    Dex: 13    Spells: 4/4 levels left

rFire   . . .      SeeInvis .   a - +0 spear (chaos)
rCold   . . .      Faith    .   (no shield)
rNeg    . . .      Spirit   .   b - +2 leather armour
rPois   .          Reflect  .   k - +0 helmet
rElec   .          Harm     .   (no cloak)
rCorr   .          Rampage  .   (no gloves)
Will    .....                   (no boots)
Stlth   +.........              (no amulet)
HPRegen 0.14/turn               m - ring of flight
MPRegen 0.09/turn               (no ring)

@: flying
A: (nimble swimmer 2), mertail
a: Renounce Religion


You were on level 3 of the Dungeon.
You worshipped Xom.
You were a toy of Xom.
You visited 1 branch of the dungeon, and saw 3 of its levels.

You collected 96 gold pieces.

Inventory:

Hand Weapons
 a - a +0 spear of chaos (weapon)
 l - a +2 short sword of holy wrath
Missiles
 o - 4 poisoned darts (quivered)
Armour
 b - a +2 leather armour (worn)
 k - a +0 helmet (worn)
 n - a +0 robe of willpower
 r - a +0 leather armour of cold resistance
Jewellery
 m - a ring of flight (left hand)
Wands
 h - a wand of flame (16)
Scrolls
 e - a scroll of blinking {unknown}
 f - 2 scrolls of poison {unknown}
 g - a scroll of enchant weapon {unknown}
 j - 2 scrolls of immolation {unknown}
 p - a scroll of fog {unknown}
 q - 2 scrolls of enchant armour {unknown}
Potions
 i - a potion of curing {unknown}
 s - a potion of ambrosia {unknown}
Miscellaneous
 c - a piece from Xom's chessboard (13/15)


   Skills:
 + Level 4.2 Fighting
 + Level 5.1 Polearms
 + Level 1.7 Armour
 + Level 4.1 Dodging


You had 4 spell levels left.
You didn't know any spells.
Your spell library contained the following spells:

 Spells                   Type           Power      Damage    Failure   Level
 Ensorcelled Hibernation  Hex/Ice        0%         N/A       52%         2
 Sublimation of Blood     Necr           0%         N/A       52%         2
 Wereblood                Tmut           0%         N/A       52%         2
 Dazzling Flash           Conj/Hex       0%         N/A       77%         3
 Spider Form              Tmut/Pois      0%         N/A       77%         3
 Anguish                  Hex/Necr       0%         N/A       99%         4
 Iskenderun's Mystic Bla  Conj/Tloc      0%         2d3       99%         4
 Starburst                Conj/Fire      0%         6d3       100%        6
 Summon Hydra             Summ           0%         N/A       100%        7


Dungeon Overview and Level Annotations

Branches:
Dungeon (3/15)

Altars:
Elyvilon
Makhleb
Wu Jian

Shops:
D:3 [


Innate Abilities, Weirdness & Mutations

((You are very nimble when in or above water. (Stealth+, EV+, Speed+++)))
Your lower body shifts to a powerful aquatic tail in water.


Message History

You closely miss the bullfrog.
The bullfrog is heavily wounded.
The bullfrog hits you but does no damage.
The quokka closely misses you.
You closely miss the bullfrog.
The bullfrog is heavily wounded.
The bullfrog closely misses you. The quokka barely misses you.
You barely miss the bullfrog.
The bullfrog is heavily wounded.
The bullfrog closely misses you. The bullfrog hits you.
The quokka closely misses you.
You barely miss the bullfrog.
The bullfrog is heavily wounded.
The bullfrog hits you!
* * * LOW HITPOINT WARNING * * *
The quokka completely misses you.
You hit the bullfrog.
The bullfrog seems to slow down.
You freeze the bullfrog.
The bullfrog is severely wounded.
The bullfrog closely misses you. The quokka closely misses you.
You closely miss the bullfrog.
The bullfrog is severely wounded.
The quokka bites you but does no damage.
Aiming: Throw Flame
Press: ? - help, Q - select action, (/) - cycle Shift-Dir - straight line, f - bullfrog, p - quokka
Aim: a bullfrog (severely wounded, slow, 60% to hit)
The puff of flame misses the bullfrog.
The bullfrog barely misses you.
The quokka bites you but does no damage.
Aiming: Throw Flame
Press: ? - help, Q - select action, (/) - cycle Shift-Dir - straight line, f - quokka, p - bullfrog
Aim: a quokka (56% to hit)
The puff of flame misses the quokka.
The bullfrog is no longer moving slowly.
The bullfrog hits you.
* * * LOW HITPOINT WARNING * * *
The quokka misses you.
It was a potion of cancellation.
You feel magically purged.
Xom thinks this is hilarious!
The bullfrog hits you.
You die...

#... ...>.......# #
##.##########....# #
##...........#.†..# #
#..#########......# #
#.##.......##.....# #
# #.#8.##.##.8#.....#
#
#(##.#..##.##/$#.#.###
# #....#.r.....(_#...#
# #...©#.F@....$.#©..#
# #.#..#.......[_#..##
# #....#..##.##($#.##
####.#8.# .# # #.##...
. #..#######
##.........
###########


You could see a bullfrog and a quokka.

Vanquished Creatures
  Jessica (D:2)
  4 adders
  3 worms (D:2)
  6 endoplasms
  2 giant cockroaches
  5 goblins
  4 hobgoblins
  4 jackals (D:1)
  7 kobolds (D:1)
  3 quokkas
  5 ball pythons
  4 bats
  4 frilled lizards (D:1)
  6 rats
58 creatures vanquished.

Vanquished Creatures (others)
  An adder (D:3)
  A goblin (D:3)
2 creatures vanquished.

Grand Total: 60 creatures vanquished

Notes
Turn   | Place    | Note
-------+----------+-------------------------------------------
     0 | D:1      | Nerdsrcool the Merfolk Chaos Knight began the quest for the
                  | Orb.
     0 | D:1      | Reached XP level 1. HP: 18/18 MP: 1/1
     9 | D:1      | XOM: silly message
   260 | D:1      | Reached XP level 2. HP: 17/24 MP: 2/2
   267 | D:1      | XOM: silly message
   351 | D:1      | XOM: silly message
   401 | D:1      | Reached skill level 1 in Armour
   669 | D:1      | XOM: cloud trail
   765 | D:1      | XOM: noise
  1014 | D:1      | Reached XP level 3. HP: 29/29 MP: 3/3
  1266 | D:1      | XOM: silly message
  1613 | D:2      | Found a faded altar of an unknown god.
  1913 | D:2      | Reached XP level 4. HP: 37/37 MP: 4/4
  1990 | D:2      | Noticed Jessica
  2002 | D:2      | Killed Jessica
  2022 | D:2      | Reached skill level 5 in Polearms
  2171 | D:2      | XOM: butterfly on damage
  2722 | D:3      | Reached XP level 5. HP: 42/42 MP: 5/5
  2843 | D:3      | Found Azi Dyos's Antique Armour Shoppe.
  2871 | D:3      | Found a white marble altar of Elyvilon.
  2922 | D:3      | Found an ornate altar of the Wu Jian Council.
  2926 | D:3      | Found a burning altar of Makhleb.
  2934 | D:3      | Found a transporter.
  2968 | D:3      | Slain by a bullfrog

Illustrated notes

Levels and vault maps discovered:
D:1:      scummos_arrival_simple_fountains, layout_basic
D:2:      layout_loops_ring, hellmonk_ecumenical_altar_arch_garden, uniq_jessica
D:3:      layout_basic, lemuel_tele_altar, gammafunk_temple_overflow_arena,
          lemuel_doored_altar, mainiacjoe_overflow_paths,
          mainiacjoe_overflow_catwalk, serial_shops, nicolae_shop_behind_doors,
          uniq_terence

Skill      XL: |  1  2  3  4 |
---------------+-------------+-----
Dodging        | 3 4 |  4.1
Armour         | 1 |  1.7
Fighting       | 4 |  4.2
Polearms       | 5 |  5.1

Action                   |  1- 3 |  4- 6 || total
-------------------------+-------+-------++-------
Melee: Spear             |   128 |    77 ||   205
       Punch             |       |     1 ||     1
Throw: Dart              |       |     5 ||     5
Evoke: Wand              |       |     5 ||     5
       Piece from Xom's  |       |     2 ||     2
  Use: Potion            |       |     1 ||     1
 Stab: Petrifying        |     1 |       ||     1
       Sleeping          |       |     1 ||     1
Armor: Leather armour    |    33 |    21 ||    54
Dodge: Dodged            |    46 |    57 ||   103
